 Dungeon Crawl Stone Soup version 0.21.1-1-g345015f (webtiles) character file.

128 Fang the Skirmisher (level 5, -2/33 HPs)
             Began as a Gargoyle Berserker on May 16, 2018.
             Was a Believer of Trog.
             Killed from afar by Blork the orc (5 damage)
             ... with a puff of flame
             ... on level 4 of the Dungeon.
             The game lasted 00:05:31 (2572 turns).

Fang the Skirmisher (Gargoyle Berserker)            Turns: 2572, Time: 00:05:31

Health: -2/33      AC:  6    Str: 22    XL:     5   Next: 11%
Magic:  5/5        EV: 12    Int:  7    God:    Trog [**....]
Gold:   144        SH:  0    Dex:  9    Spells: 4/4 levels left

rFire    . . .     SeeInvis .   a - +0 hand axe
rCold    . . .     Gourm    .   (no shield)
rNeg     + . .     Faith    .   b - +0 animal skin
rPois    ∞         Spirit   .   (no helmet)
rElec    +         Reflect  .   (no cloak)
rCorr    .         Harm     .   (no gloves)
MR       +....                  (no boots)
Stlth    ++........             (no amulet)
HPRegen  0.11/turn              f - ring of flight
MPRegen  0.09/turn              o - ring of protection from magic

@: berserk cooldown, slowed, very slow
A: negative energy resistance 1, electricity resistance, unbreathing,
petrification resistance, rot immunity, AC +4
a: Berserk, Trog's Hand, Burn Spellbooks, Renounce Religion, Evoke Flight


You were on level 4 of the Dungeon.
You worshipped Trog.
Trog was pleased with you.
You were very hungry.

You visited 1 branch of the dungeon, and saw 4 of its levels.

You collected 144 gold pieces.

Inventory:

Hand Weapons
 a - a +0 hand axe (weapon)
Armour
 b - a +0 animal skin (worn)
Jewellery
 f - a ring of flight (left hand)
 o - a ring of protection from magic (right hand)
 q - an uncursed ring of ice {unknown}
Scrolls
 e - 4 scrolls of identify {unknown}
 h - a scroll of amnesia {unknown}
 i - 6 scrolls of immolation {unknown}
 j - 2 scrolls of magic mapping {unknown}
 l - a scroll of fear {unknown}
 n - 2 scrolls of fog {unknown}
 r - a scroll of teleportation {unknown}
 s - a scroll of blinking {unknown}
Potions
 d - 2 potions of brilliance {unknown}
 g - a potion of degeneration {unknown}
 k - 2 potions of agility
 m - 4 potions of ambrosia {unknown}
 p - a potion of flight {unknown}
Comestibles
 c - 7 rations


   Skills:
 + Level 4.0 Fighting
 + Level 4.0 Axes
 + Level 2.2 Armour
 + Level 2.2 Dodging
 + Level 1.5 Stealth


You had 4 spell levels left.
You didn't know any spells.

Dungeon Overview and Level Annotations

Branches:
Dungeon (4/15)
 Temple: D:4-7

Altars:
Gozag

Annotations:
D:4 Blork the orc


Innate Abilities, Weirdness & Mutations

You are resistant to torment.
Your stone body is resilient. (AC +4)
You are immune to poison.
You resist negative energy. (rN+)
You are resistant to electric shocks. (rElec)
You can survive without breathing.
You are immune to petrification.
You are immune to rotting.


Message History

You are too injured to fight recklessly!
You are too injured to fight recklessly!
You are too injured to fight recklessly!
You are too injured to fight recklessly!
You are too injured to fight recklessly!
You are too injured to fight recklessly!
Blork the orc gestures at you while chanting.
The puff of flame hits you!
* * * LOW HITPOINT WARNING * * *
Blork the orc casts a spell at you. The magic dart hits you!
* * * LOW HITPOINT WARNING * * *
Found a scroll labeled EGACUTSUESO.
Blork the orc mumbles some strange words.
Blork the orc seems to speed up.
Found a paperback book.
Blork the orc hits you but does no damage.
Blork the orc casts a spell at you. The puff of flame hits you!
You die...

#.........
#.........#...# .#
#......... ...##.#
....... .:.... ..>.
..... #.####.#.####
########..<.........
#...(...(...........
#.........o.@.......
#...................
#...................
#...................
#...................
#...................
#...................
#...............?...


You could see Blork the orc.

Vanquished Creatures
  5 adders
  2 oozes
  A worm (D:2)
  3 dart slugs
  3 leopard geckos
  An orc (D:3)
  6 bats
  5 giant cockroaches
  2 goblins
  10 hobgoblins
  6 jackals
  3 ball pythons
  A frilled lizard (D:1)
  5 kobolds
  6 rats
59 creatures vanquished.

Notes
Turn   | Place    | Note
-------+----------+-------------------------------------------
     0 | D:1      | Fang the Gargoyle Berserker began the quest for the Orb.
     0 | D:1      | Reached XP level 1. HP: 14/14 MP: 1/1
    75 | D:1      | Reached XP level 2. HP: 13/19 MP: 2/2
   577 | D:1      | Reached XP level 3. HP: 22/24 MP: 3/3
   667 | D:1      | Reached ** piety under Trog
   951 | D:1      | Reached skill level 1 in Stealth
  1329 | D:2      | Found an opulent altar of Gozag.
  1374 | D:2      | Reached XP level 4. HP: 22/29 MP: 4/4
  2501 | D:3      | Reached XP level 5. HP: 25/33 MP: 5/5
  2557 | D:4      | Noticed Blork the orc
  2572 | D:4      | Killed from afar by Blork the orc

Skill      XL: |  1  2  3  4 |
---------------+-------------+-----
Axes           | 3 4 |  4.0
Stealth        | 1 |  1.5
Dodging        | 2 |  2.2
Fighting       | 4 |  4.0
Armour         | |  2.2

Action                   |  1- 3 |  4- 6 || total
-------------------------+-------+-------++-------
Melee: Hand axe          |   123 |    77 ||   200
Invok: Berserk           |     1 |     1 ||     2
 Stab: Sleeping          |     1 |       ||     1
  Eat: Chunk             |     3 |     3 ||     6
Armor: Animal skin       |    60 |    27 ||    87
Dodge: Dodged            |   101 |    55 ||   156
